 Dungeon Crawl Stone Soup version 0.28-a0-1117-g0bdd5ba030 (webtiles) character file.

Game seed: 16441925530991802720

93 pokeman the Magician (level 4, -5/25 HPs)
             Began as a Deep Elf Hedge Wizard on Dec 11, 2021.
             Slain by an orc (6 damage)
             ... on level 3 of the Dungeon.
             The game lasted 00:06:15 (2733 turns).

pokeman the Magician (Deep Elf Hedge Wizard)        Turns: 2733, Time: 00:06:16

Health: -5/25      AC:  3    Str:  7    XL:     4   Next: 37%
Magic:  0/13       EV: 12    Int: 21    God:
Gold:   103        SH:  0    Dex: 14    Spells: 3/14 levels left

rFire   . . .      SeeInvis .   m - +0 flail (drain)
rCold   . . .      Faith    .   (no shield)
rNeg    . . .      Spirit   .   f - +0 leather armour
rPois   .          Reflect  .   c - +0 hat
rElec   .          Harm     .   (no cloak)
rCorr   .          Rampage  .   (no gloves)
Will    .....                   (no boots)
Stlth   ++........              (no amulet)
HPRegen 0.08/turn               (no ring)
MPRegen 0.13/turn               (no ring)

@: no status effects
A: no striking features
a: no special abilities


You were on level 3 of the Dungeon.
You visited 1 branch of the dungeon, and saw 3 of its levels.

You collected 103 gold pieces.

Inventory:

Hand Weapons
 m - a +0 flail of draining (weapon)
Missiles
 l - 42 bolts
Armour
 c - a +0 hat (worn)
 e - a +0 pair of boots
 f - a +0 leather armour (worn)
 k - a +0 cloak
Scrolls
 b - a scroll of fog {unknown}
 d - 3 scrolls of identify {unknown}
 g - a scroll of vulnerability {unknown}
 h - a scroll of amnesia {unknown}
 i - a scroll of teleportation {unknown}
Potions
 a - 2 potions of curing
 j - 2 potions of brilliance {unknown}


   Skills:
 - Level 1.0 Fighting
 - Level 1.0 Armour
 + Level 2.7 Dodging
 - Level 2.4 Stealth
 * Level 5.6 Spellcasting
 + Level 2.2 Conjurations
 - Level 1.1 Summonings
 - Level 1.1 Translocations
 + Level 0.6 Fire Magic


You had 3 spell levels left.
You knew the following spells:

 Your Spells              Type           Power      Damage    Failure   Level
a - Magic Dart            Conj           60%        1d6       6%          1
b - Mephitic Cloud        Conj/Pois/Air  9%         N/A       32%         3
c - Call Imp              Summ           10%        N/A       14%         2
d - Blink                 Tloc           20%        N/A       14%         2
e - Conjure Flame         Conj/Fire      12%        6-21      24%         3

Your spell library contained the following spells:

 Spells                   Type           Power      Damage    Failure   Level
 Slow                     Hex            20%        N/A       14%         1


Dungeon Overview and Level Annotations

Branches:
Dungeon (3/15)

Altars:

Portals:
Sewer: D:3

Annotations:
D:3 Sigmund


Message History

The stinking cloud engulfs the orc but does no damage.
The orc is engulfed in noxious fumes.
The orc appears confused.
Unknown command.
The orc is engulfed in noxious fumes.
The orc appears confused.
You closely miss the adder. The adder bites you.
* * * LOW HITPOINT WARNING * * *
Your crimson imp hits the orc but does no damage.
The adder bites you but does no damage. The orc barely misses your crimson imp.
Your crimson imp hits the orc.
Unknown command.
Your crimson imp barely misses the orc.
The adder bites you but does no damage.
Your crimson imp hits the orc.
The orc dies!
A worm comes into view.
Your crimson imp hits the giant cockroach but does no damage.
The orc closely misses your crimson imp.
The adder barely misses you.
Press: ? - help, v - describe, . - travel The floor.
Casting: Mephitic Cloud (extremely dangerous; 32% risk of failure)
Confirm with . or Enter, or press ? or * to list all spells.
You blink.
Found 21 arrows.
Unknown command.
The dart slug launches a dart at you. The slug dart hits you.
* * * LOW HITPOINT WARNING * * *
The dart slug launches a dart at you. The slug dart misses you.
Your crimson imp disappears in a puff of smoke!
You feel stable enough to blink again.
Casting: Blink (safe; 14% risk of failure)
Confirm with . or Enter, or press ? or * to list all spells.
A beastly little devil appears in a puff of frigid air.
The adder bites you but does no damage.
Unknown command.
You hit the adder. You drain the adder.
The adder is heavily wounded.
The giant cockroach barely misses your white imp.
The orc hits you with a +0 hand axe.
You die...

#)#
#.(..........#
# #.#
#............#
# #.#
#........o...#
##### #.#
#.....ww..o..#
#.... #.#
#......#####.#
#o### #.#
#.....B#≈≈≈#.#
#.# #.#
#####5S#≈≈≈#.#
#.# #.#########
##S#≈∩≈#.#
#.###
#.........#
#@#≈≈≈#.# #.o..
#####.#####
#o#≈≈≈#.##
##### ######.#
#.##'##..#
#...o .......#
#........#
#o### ######.#
##.###)..# #.#
# #.#
#..(...######.#
# #.#
#####..)..ooo.#
# #.#
########### #
#.# #


You could see a worm, 2 adders, a dart slug, 3 orcs, a giant cockroach and a
friendly white imp (summoned).

Vanquished Creatures
  Terence (D:3)
  2 adders (D:2)
  A worm (D:2)
  A dart slug (D:1)
  An orc (D:3)
  4 ball pythons
  4 endoplasms
  2 giant cockroaches
  5 goblins
  2 hobgoblins
  A quokka (D:2)
  3 bats (D:1)
  3 frilled lizards
  6 kobolds (D:2)
  2 rats (D:1)
38 creatures vanquished.

Vanquished Creatures (collateral kills)
  An orc (D:3)
1 creature vanquished.

Grand Total: 39 creatures vanquished

Notes
Turn   | Place    | Note
-------+----------+-------------------------------------------
     0 | D:1      | pokeman the Deep Elf Hedge Wizard began the quest for the
                  | Orb.
     0 | D:1      | Reached XP level 1. HP: 10/10 MP: 7/7
   255 | D:1      | Reached XP level 2. HP: 16/16 MP: 4/9
   439 | D:1      | Found a faded altar of an unknown god.
   860 | D:2      | Reached skill level 5 in Spellcasting
  1019 | D:2      | Reached XP level 3. HP: 20/20 MP: 8/11
  1023 | D:2      | Learned a level 3 spell: Mephitic Cloud
  1026 | D:2      | Learned a level 2 spell: Call Imp
  1029 | D:2      | Learned a level 2 spell: Blink
  1033 | D:2      | Learned a level 3 spell: Conjure Flame
  1451 | D:2      | Reached skill level 1 in Fighting
  2068 | D:2      | Reached skill level 1 in Armour
  2315 | D:3      | Noticed Terence
  2324 | D:3      | Killed Terence
  2325 | D:3      | Reached XP level 4. HP: 25/25 MP: 4/13
  2607 | D:3      | Noticed Sigmund
  2708 | D:3      | Found a glowing drain.
  2725 | D:3      | HP: 1/25 [dart slug/slug dart (2)]
  2733 | D:3      | Slain by an orc

Illustrated notes

Levels and vault maps discovered:
D:1:      dpeg_arrival_tiny_j, layout_basic,
          hellmonk_ecumenical_altar_leap_of_faith
D:2:      layout_basic
D:3:      layout_basic, gup_sewer_entry_glass, uniq_terence, uniq_sigmund

Skill      XL: |  1  2  3 |
---------------+----------+-----
Spellcasting   | 5 |  5.6
Fighting       | 1 |  1.0
Conjurations   | 2 |  2.2
Armour         | 1 |  1.0
Dodging        | |  2.7
Stealth        | |  2.4
Summonings     | |  1.1
Translocations | |  1.1
Fire Magic     | |  0.6

Action                   |  1- 3 |  4- 6 || total
-------------------------+-------+-------++-------
Melee: Whip              |    10 |       ||    10
       Flail             |       |     4 ||     4
 Cast: Magic Dart        |    91 |    10 ||   101
       Call Imp          |     1 |     5 ||     6
       Mephitic Cloud    |     1 |     4 ||     5
       Conjure Flame     |     1 |       ||     1
       Blink             |       |     1 ||     1
 Stab: Confused          |     1 |       ||     1
       Sleeping          |     1 |       ||     1
Armor: Leather armour    |    10 |     3 ||    13
Dodge: Dodged            |    17 |     9 ||    26

Table legend: (Time is in decaauts)
 A = Elapsed time spent in this place.
 B = Non-inter-level travel time spent in this place.
 C = Inter-level travel time spent in this place.
 D = Time resting spent in this place.
 E = Time spent auto-exploring this place.
 F = Levels seen in this place.
 G = Mean time per level.
                   A        B        C        D        E       F      G
               +--------+--------+--------+--------+--------+-----+--------+
         Total |   2736 |   2552 |    184 |    257 |   1745 |   3 |  912.0 |
       Dungeon |   2736 |   2552 |    184 |    257 |   1745 |   3 |  912.0 |
               +--------+--------+--------+--------+--------+-----+--------+

Top non-repeatable levels by time:
     D:2: 1262 daAuts
     D:1: 1112 daAuts
     D:3: 362 daAuts
